 Dungeon Crawl Stone Soup version 0.28-a0-1616-g050a50673c (webtiles) character file.

Game seed: 327349144744276999

3617 southernslant the Poker (level 9, -11/69 HPs)
             Began as a Demonspawn Fighter on Jan 22, 2022.
             Was an Initiate of Vehumet.
             Mangled by a komodo dragon (24 damage)
             ... on level 7 of the Dungeon.
             The game lasted 00:19:50 (9114 turns).

southernslant the Poker (Demonspawn Fighter)        Turns: 9114, Time: 00:19:50

Health: -11/69     AC: 10    Str: 20    XL:     9   Next: 86%
Magic:  10/10      EV: 11    Int:  9    God:    Vehumet [......]
Gold:   500        SH:  5    Dex: 14    Spells: 10/10 levels left

rFire   . . .      SeeInvis .   a - +0 trident
rCold   . . .      Faith    .   c - +0 buckler
rNeg    . . .      Spirit   .   b - +0 scale mail
rPois   +          Reflect  .   (helmet restricted)
rElec   .          Harm     .   (no cloak)
rCorr   .          Rampage  .   z - +0 pair of gloves
Will    .....                   (no boots)
Stlth   +.........              i - amulet of the acrobat
HPRegen 0.21/turn               n - ring of poison resistance
MPRegen 0.12/turn               G - ring of wizardry

@: no status effects
A: horns 1, powered by death 1, spiny 1, sharp scales 2
a: Renounce Religion


You were on level 7 of the Dungeon.
You worshipped Vehumet.
Vehumet was noncommittal.
You visited 2 branches of the dungeon, and saw 9 of its levels.

You collected 500 gold pieces.

Inventory:

Hand Weapons
 a - a +0 trident (weapon)
 r - the +3 dagger of Wrath {flame, *Slow Str+8}
   (You found it on level 3 of the Dungeon)

   It burns those it strikes, dealing additional fire damage.
   Str:       It affects your strength (+8).
   *Slow:     It may slow you when you take damage.
 v - a +2 hand axe of electrocution
Missiles
 h - 218 stones
 y - 4 atropa-tipped darts
 B - 7 boomerangs
 K - 2 poisoned darts
Armour
 b - a +0 scale mail (worn)
 c - a +0 buckler (worn)
 x - the +1 chain mail of Gravitas {Contam Int+8}
   (You found it on level 4 of the Dungeon)

   Int:       It affects your intelligence (+8).
   Contam:    It causes magical contamination when unequipped.
 z - a +0 pair of gloves (worn)
Jewellery
 g - an amulet of faith
 i - an amulet of the acrobat (around neck)
 n - a ring of poison resistance (left hand)
 C - an amulet of regeneration
 D - a ring of protection from cold
 G - a ring of wizardry (right hand)
 I - a +6 ring of dexterity
Wands
 d - a wand of iceblast (7) (quivered)
 J - a wand of polymorph (4)
Scrolls
 e - 4 scrolls of identify {unknown}
 f - 2 scrolls of fog {unknown}
 k - 2 scrolls of vulnerability {unknown}
 l - 3 scrolls of teleportation {unknown}
 o - 2 scrolls of noise {unknown}
 p - a scroll of silence {unknown}
 w - a scroll of immolation {unknown}
 E - 2 scrolls of summoning {unknown}
 F - 2 scrolls of fear {unknown}
 H - a scroll of amnesia {unknown}
Potions
 j - a potion of brilliance {unknown}
 m - 2 potions of cancellation {unknown}
 q - 2 potions of ambrosia {unknown}
 s - 2 potions of curing {unknown}
 t - a potion of magic {unknown}
 u - 3 potions of heal wounds {unknown}
 A - a potion of resistance {unknown}


   Skills:
 * Level 5.7 Fighting
 * Level 6.2 Polearms
 + Level 3.8 Throwing
 * Level 5.1 Armour
 + Level 5.5 Dodging
 + Level 4.1 Stealth
 * Level 5.3 Shields
 + Level 1.0 Spellcasting
 + Level 1.8 Evocations


You had 10 spell levels left.
You didn't know any spells.
Your spell library contained the following spells:

 Spells                   Type           Power      Damage    Failure   Level
 Blink                    Tloc           0%         N/A       56%         2
 Corpse Rot               Necr/Air       0%         N/A       56%         2
 Poisonous Vapours        Pois/Air       0%         N/A       56%         2
 Lesser Beckoning         Tloc           0%         N/A       80%         3
 Manifold Assault         Tloc           0%         N/A       100%        5


Dungeon Overview and Level Annotations

Branches:
Dungeon (8/15)             Temple (1/1) D:6
   Lair: D:8-11

Altars:
Ashenzari
Cheibriados
Dithmenos
Elyvilon
Fedhas
Gozag
Hepliaklqana
Kikubaaqudgha
Makhleb
Nemelex Xobeh
Okawaru
Qazlal
Ru
Sif Muna
Trog
Uskayaw
Vehumet
Wu Jian
Xom
Yredelemnul
Zin
The Shining One

Annotations:
D:5 3 runed translucent doors, jfcaron's ghost, amateur DjTm


Innate Abilities, Weirdness & Mutations

You have a pair of small horns on your head.
You regenerate a little health from kills.
You are partially covered in sharp spines.
You are mostly covered in razor-sharp scales. (AC +2, Slay +2)


Message History

You puncture the black bear! You headbutt the black bear!
The black bear is heavily wounded.
You block the black bear's attack. x2; The black bear claws you.
You hit the black bear.
The black bear is severely wounded.
The black bear is struck by your spines.
The black bear misses you.
The black bear claws you but does no damage. x2
You barely miss the black bear. You headbutt the black bear.
The black bear is almost dead.
The black bear bites you. The black bear claws you.
You block the black bear's attack.
You puncture the black bear!
You kill the black bear!
Vehumet accepts your kill.
A komodo dragon comes into view.
Throw: 7 boomerangs
Press: ? - help, Q - select action, (/) - cycle Shift-Dir - straight line, f - komodo dragon
Aim: a komodo dragon (wandering, hasn't noticed you, 71% to hit)
You throw a boomerang. The komodo dragon hisses angrily.
The boomerang hits the komodo dragon.
The komodo dragon is lightly wounded.
There is a stone staircase leading up here.
The komodo dragon bites you!
* * * LOW HITPOINT WARNING * * *
You climb upwards.
There is a stone staircase leading down here.
Aiming: Polymorph
Press: ? - help, Q - select action, (/) - cycle Shift-Dir - straight line, f - komodo dragon
Aim: a komodo dragon (lightly wounded, will become a cyclops, a wind drake, or a polar bear, chance to affect: 36%)
Okay, then.
Aiming: Iceblast
Press: ? - help, Q - select action, (/) - cycle Shift-Dir - straight line The mass of ice explodes!
The iceblast engulfs the komodo dragon!!
The komodo dragon is heavily wounded.
The komodo dragon is struck by your spines.
The komodo dragon bites you!!
You die...

###### #.##.###
##......###
#.........######
##.........#....###
..................#
#......##..##.....##
#.....###....#.....#
#.....####......@l##
#.....##..........#
.#........<......##
................<.#
.................######
......###.....##......#
......###.............#
.......##.>........(.###
..............#.###....#


You could see a komodo dragon.

Vanquished Creatures
  Sigmund (D:3)
  A wyvern (D:7)
  Eustachio (D:5)
  3 water moccasins
  5 black bears
  An ice beast (D:6)
  5 sky beasts
  2 ogres
  5 necrophages (D:4)
  A bullfrog (D:5)
  2 scorpions (D:6)
  A water moccasin skeleton (D:5)
  A howler monkey (D:7)
  3 wights (D:6)
  2 bullfrog zombies
  4 centaur zombies
  A hound (D:6)
  An orc priest (D:4)
  2 bullfrog skeletons
  3 centaur skeletons
  2 iguanas
  2 orc wizards
  A scorpion zombie (D:4)
  2 hound zombies (D:4)
  A hound skeleton (D:4)
  7 gnolls
  12 adders
  2 white imps (D:6)
  An adder skeleton (D:4)
  A worm (D:1)
  5 dart slugs
  26 orcs
  8 ball pythons
  4 bats
  7 endoplasms
  5 giant cockroaches
  5 goblins
  4 hobgoblins
  10 jackals
  8 kobolds
  6 quokkas
  A frilled lizard (D:2)
  7 rats
172 creatures vanquished.

Vanquished Creatures (others)
  3 bushes (D:4)
  39 fungi (D:8)
  55 plants
97 creatures vanquished.

Grand Total: 269 creatures vanquished

Notes
Turn   | Place    | Note
-------+----------+-------------------------------------------
     0 | D:1      | southernslant the Demonspawn Fighter began the quest for
                  | the Orb.
     0 | D:1      | Reached XP level 1. HP: 18/18 MP: 1/1
    57 | D:1      | Reached skill level 2 in Polearms
    57 | D:1      | Gained mutation: You are partially covered in razor-sharp
                  | scales. (AC +1, Slay +1) [demonic ancestry]
    57 | D:1      | Reached XP level 2. HP: 19/24 MP: 2/2
   454 | D:1      | Reached skill level 1 in Dodging
   454 | D:1      | Gained mutation: You have a pair of small horns on your
                  | head. [demonic ancestry]
   454 | D:1      | Reached XP level 3. HP: 21/29 MP: 3/3
  1336 | D:2      | Reached XP level 4. HP: 34/35 MP: 4/4
  1615 | D:1      | Reached skill level 1 in Throwing
  2191 | D:2      | Reached skill level 1 in Stealth
  2191 | D:2      | Gained mutation: You are mostly covered in razor-sharp
                  | scales. (AC +2, Slay +2) [demonic ancestry]
  2191 | D:2      | Reached XP level 5. HP: 37/41 MP: 5/5
  2307 | D:2      | Found a faded altar of an unknown god.
  2682 | D:3      | Reached skill level 3 in Polearms
  3139 | D:3      | Noticed Sigmund
  3148 | D:3      | Killed Sigmund
  3149 | D:3      | Reached XP level 6. HP: 47/47 MP: 6/6
  3703 | D:3      | Identified the +3 dagger of Wrath {flame, *Slow Str+8}
  3982 | D:4      | Gained mutation: You regenerate a little health from kills.
                  | [demonic ancestry]
  3982 | D:4      | Reached XP level 7. HP: 12/53 MP: 7/7
  4275 | D:4      | Reached skill level 4 in Polearms
  4520 | D:4      | Found a blossoming altar of Fedhas.
  4670 | D:4      | Found a basalt altar of Yredelemnul.
  5013 | D:4      | Identified the +1 chain mail of Gravitas {Contam Int+8}
  5306 | D:4      | Reached XP level 8. HP: 53/60 MP: 8/8
  5442 | D:5      | Entered Level 5 of the Dungeon
  5627 | D:5      | Noticed Eustachio
  5653 | D:5      | Killed Eustachio
  5654 | D:5      | Reached skill level 5 in Polearms
  5894 | D:5      | Found a runed translucent gate.
  5895 | D:5      | Found a runed translucent gate.
  5895 | D:5      | Noticed jfcaron's ghost (amateur DjTm)
  5896 | D:5      | Found a runed translucent gate.
  6312 | D:5      | Found a hide-covered altar of Uskayaw.
  6963 | D:6      | Gained mutation: You are partially covered in sharp spines.
                  | [demonic ancestry]
  6963 | D:6      | Reached XP level 9. HP: 35/67 MP: 9/9
  7145 | D:6      | Found a shimmering altar of Xom.
  7222 | D:6      | Reached skill level 5 in Dodging
  7415 | D:6      | Reached skill level 5 in Fighting
  7495 | D:6      | Found a staircase to the Ecumenical Temple.
  8042 | D:7      | Reached skill level 1 in Evocations
  8059 | D:7      | Reached skill level 6 in Polearms
  8096 | D:7      | Reached skill level 5 in Shields
  8414 | D:7      | Reached skill level 5 in Armour
  8532 | D:7      | Found a burning altar of Makhleb.
  8789 | Temple   | Entered the Ecumenical Temple
  8989 | Temple   | Became a worshipper of Vehumet
  9090 | D:8      | Reached skill level 1 in Spellcasting
  9105 | D:8      | Noticed a komodo dragon
  9114 | D:7      | Mangled by a komodo dragon

Illustrated notes

Levels and vault maps discovered:
D:1:      kennysheep_arrival_seaside, layout_loops_ring, bh_walls_and_bars
D:2:      layout_rooms, shapermc_ecumenical_altar_venn,
          chequers_serial_rivers_small_3, chequers_serial_rivers_large_a,
          minmay_cut_off
D:3:      layout_basic, minmay_unequal, uniq_sigmund
D:4:      layout_basic, fedhas_altar_decomposition,
          lemuel_zombie_altar_yredelemnul, serial_co_window_serial,
          co_window_corner_a, co_window_corner_a, co_window_paths_b,
          co_window_paths_a, co_window_paths_b, co_window_paths_b,
          co_window_2corner, co_window_of_opportunity_c, co_window_corner_b,
          co_window_broadway_a, glass_columns_b, glass_columns_c,
          glass_columns_a, glass_columns_b
D:5:      layout_layer_cave, nicolae_uskayaw_murder_on_the_dancefloor,
          gammafunk_ghost_split, corexii_item_surrounded_by_moat, uniq_eustachio
D:6:      layout_basic, mainiacjoe_overflow_tiny_flanked,
          minmay_temple_entry_from_below_a, minmay_pentangle
D:7:      layout_cave_pools, amethyst_overflow_temple_binary
D:8:      layout_loops_cross, due_lair_maze_entry_diamond,
          minmay_shop_grid_forest
Temple:   eino_temple_rhombus

Skill      XL: |  1  2  3  4  5  6  7  8  9 |
---------------+----------------------------+-----
Polearms       | 2 3 4 5 6 |  6.2
Dodging        | 1 2 3 4 5 |  5.5
Throwing       | 1 2 3 |  3.8
Shields        | 3 4 5 |  5.3
Armour         | 3 4 5 |  5.1
Stealth        | 1 2 3 4 |  4.1
Fighting       | 4 5 |  5.7
Evocations     | 1 |  1.8
Spellcasting   | 1 |  1.0

Action                   |  1- 3 |  4- 6 |  7- 9 || total
-------------------------+-------+-------+-------++-------
Melee: Trident           |    94 |   173 |   359 ||   626
       Headbutt          |     8 |    17 |    74 ||    99
Throw: Stone             |       |     3 |     4 ||     7
       Boomerang         |       |       |     8 ||     8
       Dart              |       |       |     2 ||     2
Evoke: Wand              |       |       |     1 ||     1
  Use: Potion            |       |     1 |       ||     1
Armor: Scale mail        |    41 |    65 |   114 ||   220
Dodge: Dodged            |    29 |   105 |   132 ||   266
Block: Buckler           |    20 |    36 |    76 ||   132

Table legend: (Time is in decaauts)
 A = Elapsed time spent in this place.
 B = Non-inter-level travel time spent in this place.
 C = Inter-level travel time spent in this place.
 D = Time resting spent in this place.
 E = Time spent auto-exploring this place.
 F = Levels seen in this place.
 G = Mean time per level.
                   A        B        C        D        E       F      G
               +--------+--------+--------+--------+--------+-----+--------+
         Total |   9221 |   8961 |    260 |      0 |   7488 |   9 | 1024.6 |
       Dungeon |   9004 |   8759 |    245 |      0 |   7315 |   8 | 1125.5 |
        Temple |    216 |    201 |     15 |      0 |    173 |   1 |  216.0 |
               +--------+--------+--------+--------+--------+-----+--------+

Top non-repeatable levels by time:
     D:1: 1753 daAuts
     D:4: 1684 daAuts
     D:6: 1324 daAuts
     D:5: 1235 daAuts
     D:3: 1119 daAuts
     D:2: 971 daAuts
     D:7: 822 daAuts
  Temple: 216 daAuts
     D:8: 93 daAuts
